 Dungeon Crawl Stone Soup version bcrawl-1.37.1 (webtiles) character file.

Game seed: 13735851354868938053

143191 Mehrunes the Shooter (level 4, 33/33 HPs)
             Began as a Human Hunter on Feb 7, 2021.
             Quit the game on level 2 of the Dungeon on Oct 19, 2022.
             The game lasted 00:04:26 (1109 turns).

Mehrunes the Shooter (Human Hunter)                 Turns: 1109, Time: 00:04:27

Health: 33/33      AC:  3    Str: 13    XL:     4   Next: 17%
Magic:  4/4        EV: 12    Int: 11    God:
Gold:   185        SH:  0    Dex: 14    Spells: 3/3 levels left

rFire    . . .     GDR:     26% t - +1 dagger (venom)
rCold    + . .     SeeInvis .   (no shield)
rNeg     . . .     Gourm    .   c - +0 leather armour
rPois    .         Faith    .   (no helmet)
rElec    .         Spirit   .   (no cloak)
rCorr    .         Reflect  .   (no gloves)
MR       .....                  (no boots)
Stlth    ++........             j - amulet of magic regeneration
HPRegen  0.15/turn              l - ring of protection from cold
MPRegen  0.19/turn              (no ring)

@: no status effects
A: no striking features
a: no special abilities


You were on level 2 of the Dungeon.
You were hungry.

You visited 1 branch of the dungeon, and saw 3 of its levels.

You collected 185 gold pieces.

Inventory:

Hand Weapons
 a - a +2 shortbow
 b - a +0 short sword
 t - a +1 dagger of venom (weapon)
Missiles
 d - 339 arrows
Armour
 c - a +0 leather armour (worn)
Jewellery
 j - an amulet of magic regeneration (around neck)
 l - a ring of protection from cold (left hand)
Scrolls
 g - a scroll of amnesia {unknown}
 h - a scroll of identify
 k - a scroll of magic mapping {unknown}
 p - a scroll of blinking {unknown}
 s - a scroll of enchant weapon {unknown}
Potions
 i - 2 potions of mutation {unknown}
 m - 2 potions of curing {unknown}
 n - a potion of agility {unknown}
 o - a potion of heal wounds {unknown}
 q - a potion of cancellation {unknown}
 r - a potion of invisibility {unknown}
Comestibles
 e - 3 rations {!d}


   Skills:
 - Level 2.0 Fighting
 + Level 2.0 Short Blades
 + Level 5.0 Bows
 - Level 2.1 Dodging
 + Level 2.6 Stealth


You had 3 spell levels left.
You didn't know any spells.
Your spell library was empty.

Dungeon Overview and Level Annotations

Branches:
Dungeon (3/12)

Altars:

Annotations:
D:3 Grinder


Message History

Press: ? - help, v - describe, . - travel Sorry, you're not good enough to have a special ability.
Save game and exit?
Welcome back, Mehrunes the Human Hunter.
Press m to set your skill training.
Press ? for a list of commands and other information.
Save game and exit?
Okay, then.
Remove which piece of jewellery? (? for menu, Esc to quit)
Okay, then.
Okay, then.
Take off which item? (? for menu, Esc to quit)
Okay, then.
You aren't carrying any items that you can evoke.
There's nothing to close nearby.
There isn't anything here!
There's nothing to close nearby.
Press: ? - help, v - describe, . - travel You don't know any spells.
Sorry, you're not good enough to have a special ability.
Are you sure you want to abandon this character and quit the game? (Confirm with "yes".)

#.#####..##.#
###.# #..##.#
#...# #..##.#
#.#.# #>.##.#
#.#.#####..##.#
#.#.#......##.#
#.#.#...#.###.#
####.#.......###.#
................@#
.....#.......#.###
####.......###.#
.....###...# #.#
###### ##### #.#
#.# #.# #.# #.#


There were no monsters in sight!

Vanquished Creatures
  2 worms (D:2)
  4 dart slugs
  2 leopard geckos
  2 orcs
  2 bats (D:2)
  6 goblins
  5 hobgoblins
  A jackal (D:2)
  5 kobolds
  A quokka (D:2)
  A frilled lizard (D:2)
  7 rats
38 creatures vanquished.

Vanquished Creatures (others)
  5 toadstools (D:1)
5 creatures vanquished.

Grand Total: 43 creatures vanquished

Notes
Turn   | Place    | Note
-------+----------+-------------------------------------------
     0 | D:1      | Mehrunes the Human Hunter began the quest for the Orb.
     0 | D:1      | Reached XP level 1. HP: 16/16 MP: 1/1
    36 | D:1      | Reached XP level 2. HP: 22/22 MP: 2/2
    68 | D:1      | Reached skill level 1 in Short Blades
   372 | D:2      | Reached XP level 3. HP: 27/27 MP: 3/3
   892 | D:2      | Reached XP level 4. HP: 33/33 MP: 4/4
  1049 | D:3      | Reached skill level 5 in Bows
  1054 | D:3      | Noticed Grinder
  1083 | D:2      | Upgraded the game from bcrawl-1.28.5 to bcrawl-1.37.1
  1109 | D:2      | Quit the game

Skill      XL: |  1  2  3  4 |
---------------+-------------+-----
Short Blades   | 1 2 |  2.0
Stealth        | 2 |  2.6
Bows           | 5 |  5.0
Fighting       | |  2.0
Dodging        | |  2.1

Action                   |  1- 3 |  4- 6 || total
-------------------------+-------+-------++-------
Melee: Short sword       |     2 |       ||     2
       Dagger            |       |     5 ||     5
 Fire: Shortbow          |    63 |    10 ||    73
  Eat: Chunk             |     2 |       ||     2
Armor: Leather armour    |     1 |       ||     1
Dodge: Dodged            |     5 |     3 ||     8
